 Dungeon Crawl Stone Soup version 0.30-a0-824-g6c64550be9 (webtiles) character file.

Game seed: 16066627799193087024

17117 dracfodder the Geomancer (level 12, 0/67 HPs)
             Began as a Gargoyle Earth Elementalist on Feb 26, 2023.
             Slain by a yak (1 damage)
             ... on level 3 of the Lair of Beasts on Feb 27, 2023.
             The game lasted 01:01:53 (10933 turns).

dracfodder the Geomancer (GrEE)                    Turns: 10933, Time: 01:01:53

Health: 0/67       AC: 20    Str: 16    XL:     12   Next: 44%
Magic:  26/26      EV: 12    Int: 23    God:
Gold:   713        SH:  0    Dex:  9    Spells: 22/32 levels left

rFire   . . .      SeeInvis .    a - staff of earth
rCold   . . .      Faith    .    (no shield)
rNeg    + . .      Spirit   .    w - +0 steam dragon scales
rPois   ∞          Reflect  .    r - +2 hat {Int+3}
rElec   +          Harm     .    m - +0 cloak
rCorr   .          Rampage  .    i - +1 pair of gloves
Will    +....                    j - +1 pair of boots
Stlth   ++                       f - amulet of magic regeneration
HPRegen 0.31/turn                k - ring of willpower
MPRegen 0.60/turn                (no ring)

@: no status effects
A: sickness immunity, AC +8, negative energy resistance 1, electricity
resistance, torment resistance 1, petrification resistance, iridescent scales 1,
deformed body, strong 1, noise suppression
a: no special abilities


You were on level 3 of the Lair of Beasts.
You visited 2 branches of the dungeon, and saw 11 of its levels.
You also visited: Bailey.

You collected 713 gold pieces.

Inventory:

Hand Weapons
 b - a +2 sling of draining
 d - a +1 dagger of holy wrath
 l - a +2 whip of electrocution
Missiles
 C - a throwing net
Armour
 i - a +1 pair of gloves (worn)
 j - a +1 pair of boots (worn)
 m - a +0 cloak (worn)
 r - a +2 hat of intelligence (worn)
 w - +0 steam dragon scales (worn)
Magical Staves
 a - a staff of earth (weapon)
Jewellery
 f - an amulet of magic regeneration (around neck)
 k - a ring of willpower (left hand)
 t - a ring of fire
 y - a ring of ice
Wands
 v - a wand of digging (6)
 x - a wand of polymorph (10)
 z - a wand of iceblast (5)
Scrolls
 g - a scroll of magic mapping
 p - 13 scrolls of teleportation
 B - a scroll of poison
 G - 2 scrolls of identify
 H - 2 scrolls of summoning {unknown}
 I - 2 scrolls of vulnerability {unknown}
 K - a scroll of blinking
Potions
 c - 4 potions of curing
 e - 2 potions of haste
 h - a potion of resistance
 n - a potion of flight
 o - 4 potions of magic
 s - 6 potions of heal wounds
 u - 2 potions of brilliance {unknown}
 A - 3 potions of might {unknown}
 D - 2 potions of lignification
 F - a potion of mutation
 J - a potion of cancellation {unknown}
Miscellaneous
 L - a phantom mirror


   Skills:
 + Level 4.5 Fighting
 + Level 0.6 Maces & Flails
 + Level 6.8 Ranged Weapons
 + Level 4.4 Dodging
 + Level 3.4 Stealth
 + Level 10.5 Spellcasting
 + Level 7.8 Conjurations
 + Level 0.8 Transmutations
 + Level 12.8 Earth Magic
 + Level 4.3 Evocations


You had 22 spell levels left.
You knew the following spells:

 Your Spells              Type           Power      Damage    Failure   Level
a - Sandblast             Erth           100%       2d20      1%          1
b - Passwall              Tmut/Erth      50%        N/A       1%          2
c - Stone Arrow           Conj/Erth      100%       3d13      1%          3
d - Petrify               Tmut/Erth      60%        N/A       3%          4

Your spell library contained the following spells:

 Spells                   Type           Power      Damage    Failure   Level
 Lee's Rapid Deconstruct  Erth           41%        3d20*     1%          5
 Beastly Appendage        Tmut           30%        N/A       3%          1
 Wereblood                Tmut           15%        N/A       6%          2
 Fulminant Prism          Conj/Hex       15%        3d10      11%         4
 Iskenderun's Mystic Bla  Conj/Tloc      30%        2d8       11%         4
 Spider Form              Tmut/Pois      13%        N/A       14%         3
 Frozen Ramparts          Ice            24%        1d4       16%         3
 Kindle Blastsparks       Fire/Tloc/Air  24%        2d12      16%         3
 Ice Form                 Ice/Tmut       13%        N/A       41%         4
 Dispel Undead            Necr           12%        3d9       47%         4
 Summon Ice Beast         Ice/Summ       12%        N/A       47%         4
 Death Channel            Necr           6%         N/A       100%        6
 Cigotuvi's Dreadful Rot  Necr/Pois/Air  Unusable   N/A       N/A         2

Dungeon Overview and Level Annotations

Branches:
Dungeon (8/15)             Temple (0/1) D:5            Lair (3/5) D:8
 Shoals (0/4) Lair:2        Snake (0/4) Lair:2       Bailey (visited)

Altars:
Dithmenos
Elyvilon
Kikubaaqudgha
Nemelex Xobeh
Okawaru
Ru
Trog


Innate Abilities, Weirdness & Mutations

You are immune to sickness and miasma.
Your stone body is resilient. (AC +8)
You are immune to poison.
You resist negative energy. (rN+)
You are resistant to electric shocks. (rElec)
You are resistant to unholy torment.
You are immune to petrification.
You are partially covered in iridescent scales. (AC +2)
Armour fits poorly on your strangely shaped body.
Your muscles are strong. (Str +4, Int/Dex -1)
You passively dampen the noise of your surroundings.


Message History

You feel a surge of power!
The stone arrow hits the yak!!
The yak is severely wounded.
The yak gores you!
Aiming: Stone Arrow (safe; 1% risk of failure)
Press: ? - help, Q - select action, (/) - cycle Shift-Dir - straight line, f/p - yak
Aim: a yak (severely wounded, 87% to hit)
You feel a surge of power!
The stone arrow hits the yak!
You kill the yak!
There is a stone staircase leading down here.
You start resting.
Magic restored.
You start resting.
HP restored.
You climb downwards.
The death yak misses you.
The seven-headed hydra bites you but does no damage.
The seven-headed hydra misses you.
The seven-headed hydra closely misses you.
The seven-headed hydra bites you! x2
The seven-headed hydra bites you but does no damage. x2
The seven-headed hydra barely misses you.
The seven-headed hydra bites you but does no damage.
The seven-headed hydra closely misses you.
The seven-headed hydra bites you.
The seven-headed hydra closely misses you.
The seven-headed hydra bites you but does no damage.
The seven-headed hydra bites you. The death yak closely misses you.
The yak closely misses you.
There is a stone staircase leading up here.
The yak gores you. The death yak gores you!!
* * * LOW HITPOINT WARNING * * *
The seven-headed hydra bites you but does no damage. x2
The seven-headed hydra misses you. The seven-headed hydra bites you.
* * * LOW HITPOINT WARNING * * *
The seven-headed hydra barely misses you.
The seven-headed hydra bites you!
* * * LOW HITPOINT WARNING * * *
The seven-headed hydra bites you.
* * * LOW HITPOINT WARNING * * *
The yak gores you.
You die...

. #.....
.#...8. ##.....
##..... # #
##..8..#.#.#
#...........
#....Y......
+.8.@Y8..8..
.......YD......
8.##...........
##..8...####
##......#
.#.......
###...8...
#......


You could see a death yak, a seven-headed hydra and 2 yaks.

Vanquished Creatures
  Gastronok (Lair:2)
  A hydra (Lair:2)
  Pikel (D:4)
  A manticore (Lair:2)
  Maurice (D:8)
  6 elephants (Lair:2)
  A gargoyle (Bailey)
  5 cane toads (Lair:1)
  A torpor snail (Lair:2)
  A rime drake (Lair:2)
  Psyche (D:8)
  A wind drake (Lair:2)
  3 blink frogs (Lair:2)
  Sigmund (D:6)
  2 vampires
  5 yaks
  A wyvern (D:7)
  A basilisk (Lair:1)
  3 steam dragons
  3 nagas (Lair:2)
  3 water moccasins
  2 orc warriors
  2 ice beasts
  3 sky beasts
  2 black bears
  An ogre (D:4)
  29 wolves
  A phantom (D:5)
  A lemure (D:4)
  2 kobold brigands (D:8)
  10 bullfrogs
  6 scorpions
  Blork the orc (D:6)
  A necrophage (D:6)
  6 wights (D:7)
  10 vampire bats
  6 howler monkeys
  7 wolf zombies (Bailey)
  4 hounds
  A jelly (D:7)
  4 orc priests
  A gnoll bouda (D:6)
  An iguana (D:4)
  8 orc wizards
  10 adders
  7 gnolls
  A shadow imp (D:6)
  24 orcs
  10 ball pythons
  3 bats (D:1)
  4 bat skeletons (D:5)
  A bat zombie (D:5)
  9 endoplasms
  A giant cockroach (D:3)
  10 goblins
  8 hobgoblins
  14 jackals
  3 quokkas
  4 frilled lizards
  12 kobolds
  19 orc zombies (Bailey)
  9 rats
301 creatures vanquished.

Vanquished Creatures (others)
  9 fungi
  6 plants
15 creatures vanquished.

Grand Total: 316 creatures vanquished

Notes
Turn   | Place    | Note
-------+----------+-------------------------------------------
     0 | D:1      | dracfodder the Gargoyle Earth Elementalist began the quest
                  | for the Orb.
     0 | D:1      | Reached XP level 1. HP: 10/10 MP: 3/3
   162 | D:1      | Reached skill level 4 in Earth Magic
   210 | D:1      | Reached XP level 2. HP: 15/15 MP: 3/5
   213 | D:1      | Learned a level 2 spell: Passwall
   659 | D:1      | Reached XP level 3. HP: 19/19 MP: 4/6
  1182 | D:2      | Gained mutation: You possess an exceptional clarity of
                  | mind. [potion of mutation]
  1182 | D:2      | Gained mutation: You are robust. (+10% HP) [potion of
                  | mutation]
  1182 | D:2      | Lost mutation: You possess an exceptional clarity of mind.
                  | [potion of mutation]
  1718 | D:2      | Lost mutation: You are robust. (+10% HP) [potion of
                  | mutation]
  1718 | D:2      | Gained mutation: You sometimes lose your temper in combat.
                  | [potion of mutation]
  1718 | D:2      | Gained mutation: You occasionally lose the ability to drink
                  | potions when taking damage. [potion of mutation]
  1718 | D:2      | Gained mutation: You sometimes lose the ability to drink
                  | potions when taking damage. [potion of mutation]
  1718 | D:2      | Gained mutation: You are partially covered in iridescent
                  | scales. (AC +2) [potion of mutation]
  1780 | D:2      | Reached XP level 4. HP: 24/24 MP: 6/8
  1854 | D:2      | Learned a level 3 spell: Stone Arrow
  2648 | D:3      | Found a white marble altar of Elyvilon.
  2732 | D:3      | Reached skill level 1 in Ranged Weapons
  2748 | D:3      | Reached skill level 5 in Earth Magic
  2805 | D:3      | Reached XP level 5. HP: 28/28 MP: 6/10
  3027 | D:4      | Found an iron altar of Okawaru.
  3155 | D:4      | Noticed an ogre
  3160 | D:4      | Killed an ogre
  3161 | D:4      | Reached XP level 6. HP: 33/33 MP: 7/11
  3215 | D:4      | Reached skill level 6 in Earth Magic
  3398 | D:4      | Reached XP level 7. HP: 37/37 MP: 11/13
  3608 | D:4      | Noticed Pikel
  3637 | D:4      | Killed Pikel
  3638 | D:4      | Reached skill level 1 in Fighting
  3638 | D:4      | Reached skill level 5 in Spellcasting
  3638 | D:4      | Reached skill level 7 in Earth Magic
  3638 | D:4      | Reached XP level 8. HP: 6/43 MP: 10/16
  4399 | D:5      | Entered Level 5 of the Dungeon
  4407 | D:5      | Learned a level 4 spell: Petrify
  4917 | D:5      | Reached skill level 8 in Earth Magic
  4939 | D:5      | Found a staircase to the Ecumenical Temple.
  5174 | D:5      | Found an ancient bone altar of Kikubaaqudgha.
  5178 | D:5      | Reached skill level 1 in Conjurations
  5492 | D:6      | Reached XP level 9. HP: 38/48 MP: 2/18
  5545 | D:6      | Noticed Blork the orc
  5552 | D:6      | Killed Blork the orc
  5631 | D:6      | Reached skill level 9 in Earth Magic
  5873 | D:6      | Noticed Sigmund
  5875 | D:6      | Killed Sigmund
  6068 | D:6      | Reached skill level 5 in Ranged Weapons
  6625 | D:7      | Reached XP level 10. HP: 56/56 MP: 9/21
  6795 | D:7      | Reached skill level 10 in Earth Magic
  6984 | D:8      | Found a flagged portal.
  6990 | Bailey   | Entered a bailey
  7375 | Bailey   | Noticed a gargoyle
  7382 | Bailey   | Killed a gargoyle
  7474 | Bailey   | Identified the +7 plate armour of the Trilobite {Dex+3}
  7509 | Bailey   | Identified the +1 chain mail of Hubris {Harm}
  7579 | D:8      | Found a sacrificial altar of Ru.
  7579 | D:8      | Found a shadowy altar of Dithmenos.
  7602 | D:8      | Reached skill level 5 in Conjurations
  7696 | D:8      | Found a sparkling altar of Nemelex Xobeh.
  7955 | D:8      | Lost mutation: You sometimes lose your temper in combat.
                  | [potion of mutation]
  7955 | D:8      | Lost mutation: You sometimes lose the ability to drink
                  | potions when taking damage. [potion of mutation]
  7955 | D:8      | Lost mutation: You occasionally lose the ability to drink
                  | potions when taking damage. [potion of mutation]
  7955 | D:8      | Gained mutation: Armour fits poorly on your strangely
                  | shaped body. [potion of mutation]
  7955 | D:8      | Gained mutation: Your muscles are strong. (Str +4, Int/Dex
                  | -1) [potion of mutation]
  7955 | D:8      | Gained mutation: You passively dampen the noise of your
                  | surroundings. [potion of mutation]
  7974 | D:8      | Noticed Psyche
  7977 | D:8      | Noticed Maurice
  7986 | D:8      | Found a bloodstained altar of Trog.
  8006 | D:8      | Killed Psyche
  8020 | D:8      | Killed Maurice
  8237 | D:8      | Found a staircase to the Lair.
  8248 | D:8      | Reached XP level 11. HP: 44/60 MP: 23/23
  8253 | Lair:1   | Entered Level 1 of the Lair of Beasts
  8310 | Lair:1   | Reached skill level 1 in Evocations
  8427 | Lair:1   | Reached skill level 11 in Earth Magic
  9159 | Lair:2   | Noticed an eight-headed hydra
  9204 | Lair:2   | Killed an eight-headed hydra
  9208 | Lair:2   | HP: 2/61 [torpor snail (15)]
  9600 | Lair:2   | Found a staircase to the Shoals.
  9726 | Lair:2   | Reached skill level 12 in Earth Magic
  9793 | Lair:2   | Noticed a manticore
  9803 | Lair:2   | Killed a manticore
  9804 | Lair:2   | Reached XP level 12. HP: 38/67 MP: 21/25
 10053 | Lair:2   | Reached skill level 10 in Spellcasting
 10324 | Lair:2   | Noticed Gastronok
 10339 | Lair:2   | Killed Gastronok
 10465 | Lair:2   | Found a staircase to the Snake Pit.
 10794 | Lair:2   | Upgraded the game from 0.30-a0-808-g6e0788376e to
                  | 0.30-a0-824-g6c64550be9
 10826 | Lair:3   | Noticed a seven-headed hydra
 10869 | Lair:3   | Noticed a death yak
 10933 | Lair:3   | HP: 1/67 [seven-headed hydra (3)]
 10933 | Lair:3   | Slain by a yak

Illustrated notes

Levels and vault maps discovered:
D:1:      dpeg_arrival_three_smaller_balls, layout_basic, serial_rivers,
          chequers_serial_rivers_large_b, chequers_serial_rivers_small_b,
          chequers_serial_rivers_small_a, chequers_serial_rivers_micro_a,
          chequers_serial_rivers_micro_c, chequers_serial_rivers_micro_e,
          solitary_fountain, serial_park_tiny_1, minmay_pentomino_p2
D:2:      mumra_celtic_spiral_tile, layout_loops_corners,
          minmay_rat_gold_closets
D:3:      layout_basic, mainiacjoe_overflow_brackets, minmay_misc_feat_pillars
D:4:      layout_layer_cave, mainiacjoe_overflow_small_starburst, serial_glass,
          glass_columns_b, glass_columns_a, grunt_ministairs_15, uniq_pikel
D:5:      layout_loops_corners, kennysheep_vampire_church,
          minmay_temple_entry_from_below_b
D:6:      layout_loops_ring, uniq_sigmund, uniq_blork_the_orc
D:7:      layout_basic
D:8:      layout_loops_ring, zin_angel, jmf_multi_god_temple,
          mainiacjoe_overflow_catch_the_wave, grunt_lair_entry_orc_guard_hut,
          enter_bailey_2, uniq_maurice, uniq_psyche
Lair:1:   layout_hall_layers
Lair:2:   layout_regular_city, minmay_shoals_entry_beasts,
          nicolae_snake_entry_squirm, uniq_gastronok
Lair:3:   layout_chaotic_city, serial_bayou_shore_a, lemuel_fruit_tree,
          grunt_megastairs_3, infiniplex_staircase_pool_2, uniq_snorg

Skill      XL: |  1  2  3  4  5  6  7  8  9 10 11 12 |
---------------+-------------------------------------+-----
Earth Magic    | 4 5 6 7 8 9 10 12 | 12.8
Spellcasting   | 3 4 5 6 7 8 9 10 | 10.5
Ranged Weapons | 1 2 3 4 5 6 |  6.8
Fighting       | 1 2 3 4 |  4.5
Dodging        | 2 3 4 |  4.4
Conjurations   | 2 3 6 7 |  7.8
Stealth        | 3 |  3.4
Evocations     | 3 4 |  4.3
Maces & Flails | |  0.6
Transmutations | |  0.8

Action                     |  1- 3 |  4- 6 |  7- 9 | 10-12 || total
---------------------------+-------+-------+-------+-------++-------
  Melee: Dagger            |       |       |       |    22 ||    22
         Whip              |       |       |       |    20 ||    20
   Fire: Sling             |    13 |    42 |    85 |    46 ||   186
  Throw: Dart              |     8 |       |       |       ||     8
         Stone             |     3 |       |       |       ||     3
   Cast: Sandblast         |    58 |    70 |    54 |    65 ||   247
         Stone Arrow       |       |     4 |    65 |   196 ||   265
  Evoke: Wand              |       |       |       |    82 ||    82
    Use: Scroll            |     8 |    10 |     6 |     1 ||    25
         Potion            |     2 |       |       |     2 ||     4
 Armour: Robe              |    17 |    10 |    42 |       ||    69
         Steam dragon scal |       |       |    16 |   173 ||   189
  Dodge: Dodged            |    26 |    17 |    57 |   162 ||   262

Table legend: (Time is in decaauts)
 A = Elapsed time spent in this place.
 B = Non-inter-level travel time spent in this place.
 C = Inter-level travel time spent in this place.
 D = Time resting spent in this place.
 E = Time spent auto-exploring this place.
 F = Levels seen in this place.
 G = Mean time per level.
                   A        B        C        D        E       F      G
               +--------+--------+--------+--------+--------+-----+--------+
         Total |  11132 |  10870 |    262 |   1344 |   7448 |  12 |  927.7 |
       Dungeon |   7855 |   7675 |    180 |    644 |   5624 |   8 |  981.9 |
          Lair |   2711 |   2629 |     82 |    540 |   1651 |   3 |  903.7 |
        Bailey |    565 |    565 |      0 |    160 |    173 |   1 |  565.0 |
               +--------+--------+--------+--------+--------+-----+--------+

Top non-repeatable levels by time:
  Lair:2: 1565 daAuts
     D:4: 1424 daAuts
     D:1: 1225 daAuts
     D:2: 1224 daAuts
  Lair:1: 1138 daAuts
     D:5: 1036 daAuts
     D:6: 843 daAuts
     D:8: 726 daAuts
     D:7: 724 daAuts
     D:3: 649 daAuts
  Bailey: 565 daAuts
  Lair:3: 7 daAuts
